 Dungeon Crawl Stone Soup version 0.28.0-53-g5a82cb258f (webtiles) character file.

Game seed: 6625649928871327895

7045 bnorton916 the Thaumaturge (level 10, -1/50 HPs)
             Began as a Deep Elf Fire Elementalist on June 8, 2022.
             Was an Initiate of Gozag.
             Slain by an ogre
             ... wielding a +4 dire flail
              (15 damage)
             ... on level 4 of the Dungeon.
             The game lasted 00:26:44 (21820 turns).

bnorton916 the Thaumaturge (DEFE)                  Turns: 21820, Time: 00:26:44

Health: -1/50      AC: 11    Str: 11    XL:     10   Next: 83%
Magic:  13/27      EV: 12    Int: 25    God:    Gozag
Gold:   481        SH:  4    Dex: 15    Spells: 19/31 levels left

rFire   . . .      SeeInvis .   w - +2 dagger (speed)
rCold   . . .      Faith    .   (no shield)
rNeg    . . .      Spirit   .   E - +0 steam dragon scales
rPois   .          Reflect  .   t - +0 helmet
rElec   .          Harm     .   (no cloak)
rCorr   .          Rampage  .   (no gloves)
Will    +....                   (no boots)
Stlth   ++........              (no amulet)
HPRegen 0.16/turn               h - +4 ring of protection
MPRegen 0.20/turn               j - +6 ring of strength

@: gold aura, studying Armour
A: large bone plates 1, screaming 1
a: Renounce Religion, Potion Petition, Call Merchant, Bribe Branch


You were on level 4 of the Dungeon.
You worshipped Gozag.
Gozag was aware of your devotion.
You visited 2 branches of the dungeon, and saw 11 of its levels.

You collected 697 gold pieces.
You paid 216 gold pieces to Gozag.

Inventory:

Hand Weapons
 v - a +0 trident
 w - a +2 dagger of speed (weapon)
 C - a +2 whip of flaming
 F - a +2 hand axe of flaming
 G - a +4 dagger of freezing
Missiles
 e - 225 stones
 g - 13 poisoned darts
 r - 6 boomerangs
Armour
 i - a +0 buckler
 t - a +0 helmet (worn)
 E - +0 steam dragon scales (worn)
Jewellery
 h - a +4 ring of protection (left hand)
 j - a +6 ring of strength (right hand)
 B - a ring of resist corrosion
 I - a +6 ring of strength
 J - an amulet of faith
Wands
 q - a wand of iceblast (18)
 y - a wand of flame (41)
Scrolls
 a - a scroll of summoning {unknown}
 d - 2 scrolls of vulnerability
 k - 3 scrolls of blinking
 l - 3 scrolls of enchant armour
 m - 2 scrolls of teleportation
 n - a scroll of holy word {unknown}
 p - a scroll of noise {unknown}
 x - 2 scrolls of enchant weapon {unknown}
 z - 2 scrolls of amnesia
 A - 2 scrolls of magic mapping {unknown}
 D - 2 scrolls of fear
 K - a scroll of silence {unknown}
Potions
 b - 2 potions of flight {unknown}
 c - 4 potions of curing
 f - a potion of mutation
 o - a potion of lignification
 s - a potion of degeneration
 u - a potion of attraction
 H - a potion of cancellation {unknown}


   Skills:
 + Level 5.9 Armour
 - Level 2.4 Dodging
 - Level 2.4 Stealth
 - Level 11.3 Spellcasting
 - Level 9.2 Conjurations
 + Level 6.9 Summonings
 - Level 3.1 Translocations
 - Level 9.3 Fire Magic


You had 19 spell levels left.
You knew the following spells:

 Your Spells              Type           Power      Damage    Failure   Level
a - Foxfire               Conj/Fire      100%       2x1d9     1%          1
b - Scorch                Fire           100%       2d10      1%          2
c - Conjure Flame         Conj/Fire      57%        6-21      1%          3
d - Blink                 Tloc           60%        N/A       1%          2
e - Flame Wave            Conj/Fire      57%        2d11      1%          4

Your spell library contained the following spells:

 Spells                   Type           Power      Damage    Failure   Level
 Inner Flame              Hex/Fire       37%        N/A       1%          3
 Lesser Beckoning         Tloc           30%        N/A       3%          3
 Animate Skeleton         Necr           28%        N/A       4%          1
 Pain                     Necr           56%        1d6       4%          1
 Vampiric Draining        Necr           14%        2d7       13%         3
 Manifold Assault         Tloc           30%        N/A       32%         5
 Summon Cactus Giant      Summ           24%        N/A       36%         6
 Conjure Ball Lightning   Conj/Air       18%        3x3d6     69%         6
 Discord                  Hex            7%         N/A       100%        8
 Disjunction              Tloc           15%        N/A       100%        8


Dungeon Overview and Level Annotations

Branches:
Dungeon (10/15)            Temple (1/1) D:4             Orc (0/2) D:10
   Lair: D:8-11

Altars:
Ashenzari
Cheibriados
Dithmenos
Elyvilon
Fedhas
Gozag
Kikubaaqudgha
Makhleb
Nemelex Xobeh
Okawaru
Qazlal
Ru
Sif Muna
Trog
Uskayaw
Vehumet
Wu Jian
Xom
Yredelemnul
Zin
The Shining One

Shops:
D:3 [::   D:4 ?   D:8 ?

Portals:
Abyss: D:5

Annotations:
D:4 1 transporter
D:5 2 transporters, Icepheonix32's ghost, amateur DsIE


Innate Abilities, Weirdness & Mutations

You are partially covered in large bone plates. (SH +4)
You occasionally shout uncontrollably at your foes.


Message History

Confirm with . or Enter, or press ? or * to list all spells.
Casting: Flame Wave (dangerous; 1% risk of failure)
Press: ? - help, Dir - look around, f - activate A wave of flame ripples out!
The flame wave engulfs the ogre!!
The ogre is burned terribly!
The ogre is almost dead.
The flame wave engulfs the ogre!
The ogre is moderately wounded.
The flame wave engulfs the ogre!!
The ogre is burned terribly!
You kill the ogre! (Press . to intensify the flame waves.)
The ogre is distracted by your dazzling golden aura.
Unknown command.
Unknown command.
Unknown command.
A wave of flame ripples out!
The flame wave engulfs the ogre!!
The ogre is burned terribly!
You kill the ogre!
The flame wave engulfs the ogre.
The ogre is heavily wounded.
The ogre is no longer distracted by gold.
The ogre shouts!
The ogre hits you with a +4 dire flail!
* * * LOW HITPOINT WARNING * * *
Unknown command.
Unknown command.
Unknown command.
A wave of flame ripples out!
The flame wave engulfs the ogre!
The ogre is almost dead.
You finish channelling waves of flame.
Unknown command.
Unknown command.
Unknown command.
Casting: Flame Wave (dangerous; 1% risk of failure)
Confirm with . or Enter, or press ? or * to list all spells.
Flames lash the ogre.
The ogre is almost dead.
The ogre's fire resistance burns away.
The ogre hits you with a +4 dire flail!
You die...
Your body crumbles into a pile of gold.

.# #########..# ####.#
.## #...# #.....
..####### #.#<# #.##.#
......).# #.#.## #.##.#
..#####.##########....#
#....# .##
#.........).....#
#.#### .#
#..#########....# #.#
.# #..#
###############.###
.######..#
#.O@$$©(....#.....#
.#.......#
#.$##...##..###...#
.#.####.##
#.#..#.#..#.###...#
.#.# #.#
#.#..#.#..#.#.#...##
.#.# #)#
#..##...##..#.......
.#.# #.#
##©...|$.....#.....##
.#.####.##
##############.....##
.<..[[...#
#.....§.©............
########.#
#....................


You could see an ogre (combustible).

Vanquished Creatures
  A centaur warrior (D:9)
  A two-headed ogre (D:5)
  Pikel (D:6)
  An unseen horror (D:8)
  2 hornets (D:9)
  2 yaks
  A wyvern (D:8)
  6 steam dragons
  Menkaure (D:4)
  2 acid dragons
  2 water moccasins (D:6)
  Duvessa (D:5)
  4 orc warriors
  3 sky beasts
  2 ice beasts
  A centaur (D:8)
  2 lemures (D:6)
  5 ogres
  The ghost of bnorton916 the Magician, an amateur DEFE (D:4)
  The ghost of bnorton916 the Magician, an amateur DEFE (D:3)
  A kobold brigand (D:8)
  A scorpion (D:5)
  A water moccasin skeleton (D:5)
  Dowan (D:5)
  5 wights
  4 howler monkeys
  3 centaur zombies
  A gnoll shaman (D:8)
  4 orc priests
  A hound (D:5)
  2 jellies
  An iguana (D:4)
  Terence (D:3)
  5 orc wizards
  A killer bee zombie (D:3)
  A mummy (D:3)
  Robin (D:4)
  4 gnolls (D:8)
  A howler monkey skeleton (D:4)
  A howler monkey zombie (D:8)
  5 adders
  2 shadow imps
  3 white imps
  A worm (D:3)
  A dart slug (D:1)
  24 orcs
  3 ball pythons
  4 endoplasms
  3 giant cockroaches
  10 hobgoblins
  2 jackals (D:1)
  5 quokkas
  10 bats
  2 frilled lizards
  10 goblins
  5 kobolds
  7 rats
177 creatures vanquished.

Vanquished Creatures (collateral kills)
  19 foxfires (D:1)
19 creatures vanquished.

Vanquished Creatures (others)
  598 foxfires
  46 fungi (D:10)
  39 plants (D:10)
683 creatures vanquished.

Grand Total: 879 creatures vanquished

Notes
Turn   | Place    | Note
-------+----------+-------------------------------------------
     0 | D:1      | bnorton916 the Deep Elf Fire Elementalist began the quest
                  | for the Orb.
     0 | D:1      | Reached XP level 1. HP: 10/10 MP: 6/6
   285 | D:1      | Reached XP level 2. HP: 15/15 MP: 1/8
   786 | D:1      | You fall into a shaft and drop 1 floor!
  1145 | D:2      | Reached XP level 3. HP: 9/19 MP: 5/10
  2565 | D:3      | Reached skill level 4 in Spellcasting
  2624 | D:3      | Learned a level 2 spell: Scorch
  2628 | D:3      | Learned a level 3 spell: Conjure Flame
  2631 | D:3      | Learned a level 2 spell: Blink
  2674 | D:3      | Found Jexzule's Armour Boutique.
  2924 | D:3      | Found Jaskuti's Book Emporium.
  2970 | D:3      | Found Tiser Buh's Book Boutique.
  2989 | D:3      | Noticed Terence
  3021 | D:3      | Found a transporter.
  3025 | D:3      | Noticed bnorton916's ghost (amateur DEFE)
  3026 | D:3      | Found a transporter.
  3464 | D:3      | Found a burning altar of Makhleb.
  3638 | D:3      | Killed Terence
  3639 | D:3      | Reached skill level 1 in Translocations
  3639 | D:3      | Reached XP level 4. HP: 24/24 MP: 1/12
  4714 | D:4      | Noticed Robin
  5023 | D:4      | Killed Robin
  5210 | D:4      | Reached XP level 5. HP: 28/28 MP: 10/13
  5315 | D:4      | Found Watsid's Magic Scroll Boutique.
  5380 | D:4      | Noticed an ogre
  5392 | D:4      | Killed an ogre
  5402 | D:4      | Noticed an ice beast
  5726 | D:4      | Noticed Menkaure
  5754 | D:4      | Killed Menkaure
  5755 | D:4      | Reached skill level 5 in Spellcasting
  5755 | D:4      | Reached XP level 6. HP: 32/32 MP: 7/15
  5759 | D:4      | Reached skill level 5 in Fire Magic
  6073 | D:4      | Found a sacrificial altar of Ru.
  6190 | D:4      | Found a staircase to the Ecumenical Temple.
  6196 | Temple   | Entered the Ecumenical Temple
  6333 | D:4      | Killed an ice beast
  6640 | D:4      | Found a transporter.
  6643 | D:4      | Noticed bnorton916's ghost (amateur DEFE)
  6646 | D:4      | Found a transporter.
  6712 | D:4      | Found an ornate altar of the Wu Jian Council.
  6833 | D:5      | Entered Level 5 of the Dungeon
  6866 | D:5      | Reached skill level 6 in Spellcasting
  6866 | D:5      | Reached XP level 7. HP: 36/36 MP: 8/18
  7037 | D:5      | Found a one-way gate to the infinite horrors of the Abyss.
  7037 | D:5      | Noticed Icepheonix32's ghost (amateur DsIE)
  7340 | D:5      | Noticed Duvessa
  7516 | D:5      | Noticed a two-headed ogre
  7729 | D:4      | Learned a level 4 spell: Flame Wave
  7791 | D:5      | Reached skill level 5 in Conjurations
  7797 | D:5      | Killed a two-headed ogre
  7798 | D:5      | Reached skill level 8 in Spellcasting
  7798 | D:5      | Reached XP level 8. HP: 41/41 MP: 5/22
  8631 | D:5      | Found a transporter.
  8633 | D:5      | Noticed Dowan
  9412 | D:6      | Noticed Pikel
  9424 | D:6      | Killed Pikel
  9425 | D:6      | Reached skill level 9 in Spellcasting
  9425 | D:6      | Reached XP level 9. HP: 21/45 MP: 9/24
 10918 | D:6      | Gained mutation: You are partially covered in large bone
                  | plates. (SH +4) [potion of mutation]
 10918 | D:6      | Gained mutation: You occasionally shout uncontrollably at
                  | your foes. [potion of mutation]
 11381 | D:7      | Reached skill level 10 in Spellcasting
 11905 | D:7      | Reached skill level 1 in Summonings
 12222 | D:7      | Found a blossoming altar of Fedhas.
 12267 | D:7      | Found a hide-covered altar of Uskayaw.
 13905 | D:8      | Reached skill level 11 in Spellcasting
 14284 | D:8      | Reached XP level 10. HP: 23/50 MP: 21/27
 14674 | D:8      | Found Dimiarph's Magic Scroll Shoppe.
 16415 | D:8      | Reached skill level 1 in Armour
 18673 | D:9      | Reached skill level 5 in Summonings
 19070 | D:9      | Noticed a centaur warrior
 19610 | D:9      | Killed a centaur warrior
 20208 | D:9      | Found an opulent altar of Gozag.
 20209 | D:9      | Found a sparkling altar of Nemelex Xobeh.
 20210 | D:9      | Found an iron altar of Okawaru.
 20210 | D:9      | Found a shimmering altar of Xom.
 20213 | D:9      | Became a worshipper of Gozag Ym Sagoz the Greedy
 20420 | D:10     | Entered Level 10 of the Dungeon
 20579 | D:10     | Found a staircase to the Orcish Mines.
 20628 | D:9      | Reached skill level 5 in Armour
 20815 | D:5      | Killed Duvessa
 20822 | D:5      | Killed Dowan
 21143 | D:5      | Found a transporter.
 21146 | D:5      | Noticed a toenail golem
 21689 | D:3      | Killed bnorton916's ghost
 21813 | D:4      | Killed bnorton916's ghost
 21820 | D:4      | Slain by an ogre

Illustrated notes

Levels and vault maps discovered:
D:1:      eino_arrival_tree_alley, layout_loops_ring, minivault_25,
          chequers_decorated_corner, serial_bayou_pond_c
D:2:      wad_pebble_path, layout_basic
D:3:      layout_basic, lightli_temple_of_fire, serial_shops,
          nicolae_shop_stone, shop, shop, gammafunk_ghost_mausoleum,
          minmay_misc_feat_hallway, uniq_terence
D:4:      layout_loops_ring, pdpol_wu_jian_five_deadly_venoms,
          marbit_many_paths, minmay_temple_entry_enclosed_plants, serial_shops,
          shop, gammafunk_ghost_smash, uniq_menkaure, uniq_robin
D:5:      layout_basic, gammafunk_ghost_abyssal_escape, serial_corexii_hall,
          chequers_hall_statues_wall_a, corexii_hall_statues_i, roderic_batcave,
          kennysheep_cross_room, uniq_duvessa
D:6:      layout_loops_ring, kennysheep_small_spiral, uniq_pikel
D:7:      layout_layer_cave, mainiacjoe_overflow_large_starburst,
          serial_bayou_pond_a
D:8:      layout_basic, serial_shops, shop, minmay_manual_mess
D:9:      layout_basic, mainiacjoe_overflow_alcove_3
D:10:     layout_roguey, nicolae_hepliaklqana_hazy_memory,
          due_lair_maze_entry_diamond, orc_0_dummy, uniq_sonja
Temple:   nicolae_temple_x_marks_the_god

Skill      XL: |  1  2  3  4  5  6  7  8  9 10 |
---------------+-------------------------------+-----
Conjurations   | 2 3 4 6 7 9 |  9.2
Spellcasting   | 4 5 6 8 9 11 | 11.3
Fire Magic     | 4 5 7 8 9 |  9.3
Translocations | 1 2 3 |  3.1
Summonings     | 3 6 |  6.9
Armour         | 5 |  5.9
Dodging        | |  2.4
Stealth        | |  2.4

Action                   |  1- 3 |  4- 6 |  7- 9 | 10-12 || total
-------------------------+-------+-------+-------+-------++-------
Melee: Unarmed           |       |     2 |       |       ||     2
       Dagger            |       |       |     6 |     2 ||     8
 Cast: Foxfire           |   123 |    61 |   123 |    77 ||   384
       Scorch            |     2 |    18 |    72 |    61 ||   153
       Conjure Flame     |     1 |     5 |    10 |    11 ||    27
       Blink             |       |     1 |       |       ||     1
       Flame Wave        |       |       |       |     3 ||     3
Evoke: Wand              |     1 |       |       |       ||     1
  Use: Scroll            |       |       |     8 |     3 ||    11
       Potion            |       |       |     2 |     1 ||     3
Armor: Robe              |     4 |     3 |    23 |       ||    30
       Steam dragon scal |       |       |    12 |    49 ||    61
Dodge: Dodged            |     8 |     8 |    53 |    66 ||   135
Block: Other             |       |       |    17 |    25 ||    42
